 Dungeon Crawl Stone Soup version 0.18-a0-952-g309898a (webtiles) character file.

39 M4edhros the Charlatan (level 3, -7/23 HPs)
             Began as an Octopode Artificer on Dec 31, 2015.
             Mangled by a gnoll
             ... wielding a +0 whip
              (8 damage)
             ... on level 4 of the Dungeon.
             The game lasted 00:01:18 (743 turns).

M4edhros the Charlatan (Octopode Artificer)          Turns: 743, Time: 00:01:18

Health: -7/23      AC:  1    Str: 10    XL:     3   Next: 45%
Magic:  5/5        EV: 12    Int: 15    God:
Gold:   61         SH:  0    Dex: 12    Spells: 0 memorised, 2 levels left

rFire  . . .     SeeInvis .     a - +0 short sword
rCold  . . .     Gourm    .     (no shield)
rNeg   . . .     Faith    .     (helmet restricted)
rPois  .         Spirit   .     (no amulet)
rElec  .         Dismiss  .     (no ring)
rCorr  .         Reflect  .     (no ring)
SustAt .         Harm     .     (no ring)
MR     .....                    (no ring)
Stlth  +++.......               (no ring)
                                (no ring)
                                (no ring)
                                (no ring)

@: not resistant to hostile enchantments, fairly stealthy
A: almost no armour, amphibious, 8 rings, constrict 8, camouflage 1, gelatinous
body 1
a: no special abilities


You were on level 4 of the Dungeon.
You were not hungry.

You visited 1 branch of the dungeon, and saw 4 of its levels.

You collected 61 gold pieces.

Inventory:

Hand Weapons
 a - a +0 short sword (weapon)
Missiles
 g - 72 stones (quivered)
Wands
 b - a wand of flame (15/48)
 c - a wand of enslavement (13/24)
 d - a wand of random effects (14/48)
Scrolls
 e - a scroll of identify {unknown}
 h - 2 scrolls of noise {unknown}
 i - 3 scrolls of remove curse {unknown}
Comestibles
 f - a bread ration


   Skills:
 - Level 1.0 Fighting
 - Level 1.0 Short Blades
 * Level 2.7 Dodging
 * Level 3.1 Stealth
 + Level 3.7 Evocations


You had 2 spell levels left.
You didn't know any spells.

Dungeon Overview and Level Annotations

Branches:
Dungeon (4/15)
 Temple: D:4-7

Altars:
Yredelemnul


Innate Abilities, Weirdness & Mutations

You cannot wear most types of armour.
You are amphibious.
You can wear up to eight rings at the same time.
You can use your tentacles to constrict eight enemies at once.
Your skin changes colour to match your surroundings (Stealth).
Your rubbery body absorbs attacks (AC +1).


Message History

You constrict the gnoll.
You kill the gnoll!
Your Stealth skill increases to level 3!
You closely miss the gnoll. You grab the gnoll.
The gnoll is lightly wounded.
You constrict the gnoll. The gnoll hits you with a whip!
You aren't carrying any potions.
You hit the gnoll.
The gnoll is moderately wounded.
You constrict the gnoll. The gnoll hits you with a whip!
* * * LOW HITPOINT WARNING * * *
Evoke which item? (* to show all) (? for menu, Esc to quit)
Zapping:
c - a wand of enslavement (14/24)
Press: ? - help, Shift-Dir - straight line, f/p - gnoll
Aim: a gnoll, wielding a whip (moderately wounded, constricted by you, chance to defeat MR: 62%)
The gnoll resists with significant effort.
This wand has 13 charges left.
You constrict the gnoll, but do no damage.
The gnoll hits you with a whip!
You die...

### ## #.###.#
##..@g##
###.####Z###
#...###..).###
###.#........#
#.#..........
##...........
#.#<...g....
#...........
#..........


You could see a gnoll and a hound skeleton.

Vanquished Creatures
  A gnoll (D:4)
  A worm (D:2)
  3 giant geckos
  An orc (D:3)
  2 goblins (D:2)
  3 jackals (D:2)
  A kobold (D:3)
  A quokka (D:2)
  2 bats (D:3)
  3 giant cockroaches
  2 giant newts
  A rat (D:2)
21 creatures vanquished.

Vanquished Creatures (others)
  A gnoll (D:4)
1 creature vanquished.

Grand Total: 22 creatures vanquished

Notes
Turn   | Place    | Note
--------------------------------------------------------------
     0 | D:1      | M4edhros the Octopode Artificer began the quest for the Orb.
     0 | D:1      | Reached XP level 1. HP: 13/13 MP: 3/3
   238 | D:2      | Found a basalt altar of Yredelemnul.
   267 | D:2      | Reached XP level 2. HP: 15/18 MP: 4/4
   623 | D:3      | Reached XP level 3. HP: 20/23 MP: 5/5
   742 | D:4      | HP: 1/23 [gnoll/whip (10)]
   743 | D:4      | Mangled by a gnoll

Vault maps used:
D:1:      dpeg_arrival_brainrot, hangedman_decor_growths
D:2:      yredelemnul_altar_generic
D:3:      nicolae_overflow_crystal_walls
D:4:      kennysheep_kobold_camp, serial_shops, kennysheep_mini,
          nicolae_shop_waterfront, shop, first_bread, portal_sewer_entry_b

Action                   || total
-------------------------++-------
Melee: Short sword       ||    53
Evoke: Wand              ||     3
 Stab: Sleeping          ||     9
